 Dungeon Crawl Stone Soup version 0.29-a0-1033-gb6c65ffae6 (webtiles) character file.

Game seed: 14667272536009807376

10794 spaghetti the Tortoise (level 11, -5/66 HPs)
             Began as a Tengu Berserker on Aug 15, 2022.
             Was a Priest of Trog.
             Slain by a wolf (9 damage)
             ... on level 1 of the Lair of Beasts.
             The game lasted 00:17:21 (8658 turns).

spaghetti the Tortoise (Tengu Berserker)            Turns: 8658, Time: 00:17:22

Health: -5/66      AC: 20    Str: 22    XL:     11   Next: 67%
Magic:  12/12      EV: 13    Int:  7    God:    Trog [***...]
Gold:   324        SH:  0    Dex: 14    Spells: 10/10 levels left

rFire   . . .      SeeInvis .   L - +1 whip (venom) {mace}
rCold   . . .      Faith    .   (no shield)
rNeg    . . .      Spirit   .   g - +0 plate armour
rPois   +          Reflect  .   y - +0 hat "Balab" {Stlth+}
rElec   .          Harm     .   D - +2 cloak {rPois}
rCorr   +          Rampage  .   (no gloves)
Will    .....      Clarity  +   (boots unavailable)
Stlth   ..........              o - amulet of regeneration {@e2}
HPRegen 1.01/turn               s - ring of resist corrosion
MPRegen 0.13/turn               (no ring)

@: on berserk cooldown, flying quickly and evasively, hasted and slowed,
studying 2 skills, quick
A: beak, talons 3, nimble flight, clarity, frail 1, screaming 1
a: Renounce Religion, Berserk, Trog's Hand


You were on level 1 of the Lair of Beasts.
You worshipped Trog.
Trog was most pleased with you.
You visited 2 branches of the dungeon, and saw 9 of its levels.
You also visited: Sewer and Bailey.

You collected 738 gold pieces.
You spent 414 gold pieces at shops.


Innate Abilities, Weirdness & Mutations

You have a beak for a mouth.
You have claws for feet.
Your magical nature lets you fly swiftly and evasively.
You possess an exceptional clarity of mind.
You are frail. (-10% HP)
You occasionally shout uncontrollably at your foes.


   Skills:
 - Level 11.2 Fighting
 + Level 15.2 Armour
 - Level 8.6 Dodging
 - Level 3.8 Unarmed Combat


You had 10 spell levels left.
You didn't know any spells.
Your spell library contained the following spells:

 Spells                   Type           Power      Damage    Failure   Level
 Apportation              Tloc           0%         N/A       99%         1
 Magic Dart               Conj           0%         1d3       99%         1
 Searing Ray              Conj           0%         2d4       100%        2
 Sublimation of Blood     Necr           0%         N/A       100%        2
 Wereblood                Tmut           0%         N/A       100%        2
 Ozocubu's Armour         Ice            0%         N/A       100%        3
 Fulminant Prism          Conj/Hex       0%         3d6       100%        4
 Alistair's Intoxication  Tmut/Pois      0%         N/A       100%        5
 Ozocubu's Refrigeration  Ice            0%         4d7       100%        7
 Summon Hydra             Summ           0%         N/A       100%        7

Inventory:

Hand Weapons
 l - a +1 dagger of venom {short}
   (You took it off a kobold on level 2 of the Dungeon)
 L - a +1 whip of venom (weapon) {mace}
   (You took it off an orc on level 7 of the Dungeon)
Missiles
 c - 75 stones (quivered) {throwing}
 k - 8 boomerangs {throwing}
 w - 16 poisoned darts {throwing}
 C - 2 boomerangs of dispersal {=f!fthrowing}
 E - a throwing net {=f!fthrowing}
 O - 2 curare-tipped darts {=fthrowing}
 P - 21 javelins {throwing}
Armour
 g - a +0 plate armour (worn)
   (You found it on level 1 of the Dungeon)
 y - the +0 hat "Balab" (worn) {Stlth+}
   (You bought it in a shop on level 1 of the Dungeon)

   Stlth:     It makes you more stealthy.
 D - a +2 cloak of poison resistance (worn)
   (You bought it in a shop on level 2 of the Dungeon)
Magical Staves
 H - a staff of poison {forbidden!astaff}
   (You found it on level 7 of the Dungeon)
 Q - a staff of earth {forbidden!astaff}
   (You found it on level 1 of the Lair of Beasts)
Jewellery
 o - an amulet of regeneration (around neck) {@e2}
   (You found it on level 3 of the Dungeon)
 s - a ring of resist corrosion (left hand)
   (You found it on level 3 of the Dungeon)
 M - a +6 ring of intelligence
   (You found it on level 7 of the Dungeon)
Wands
 h - a wand of digging (5)
   (You found it on level 1 of the Lair of Beasts)
 m - a wand of flame (28)
   (You found it on level 3 of the Dungeon)
 A - a wand of iceblast (10)
   (You found it on level 6 of the Dungeon)
 J - a wand of acid (8)
   (You found it on level 7 of the Dungeon)
 K - a wand of mindburst (26)
   (You found it on level 7 of the Dungeon)
Scrolls
 a - 2 scrolls of immolation {!r!r}
 f - 3 scrolls of teleportation {@r4}
 j - 4 scrolls of amnesia
 p - 5 scrolls of enchant weapon
 q - 3 scrolls of magic mapping {!r}
 t - 2 scrolls of enchant armour
 x - a scroll of vulnerability {!r!r}
 z - 2 scrolls of fog
 B - a scroll of torment {!r}
 F - a scroll of brand weapon
 I - 3 scrolls of poison
 N - a scroll of summoning
Potions
 b - a potion of cancellation
 d - 2 potions of curing {@q1}
 e - 3 potions of brilliance
 i - a potion of resistance
 n - 3 potions of attraction {!q}
 r - 2 potions of flight
 u - 3 potions of magic
 G - a potion of degeneration {unknown}

Dungeon Overview and Level Annotations

Branches:
Dungeon (8/15) Zot: 26130  Temple (0/1) D:4            Lair (1/5) D:8 Zot: 5577
  Sewer (visited)          Bailey (visited)

Altars:
Cheibriados
Dithmenos
Elyvilon
Makhleb
Nemelex Xobeh
Okawaru
Sif Muna
Uskayaw
Vehumet
Wu Jian
Xom
The Shining One

Shops:
D:1 [ D:2

[ #.
......##...........#
......##...........#
#..#...##...#.......#
...#P..##..#.........
#. ##...#..##...##..#
#......##..## ##
#......#...#
.##......##..#
......†@.P#..#
......†hh#####
.##(......#
#P.......# #........#
##.......# #.......#
........#


You could see 2 wolves.


Message History

You take 25 damage, and now have 45/99 hp.
MASSIVE DAMAGE!! (PAUSE) Unknown command.
You barely miss the cane toad. You claw the cane toad! You punch the cane toad.
The wolf bites you but does no damage. The wolf bites you.
* * * LOW HITPOINT WARNING * * *
The wolf bites you but does no damage. x2; The wolf misses you.
The cane toad stings you!
* * * LOW HITPOINT WARNING * * *
The wolf barely misses you. The wolf misses you. 😨 HP[-15]
You take 15 damage, and now have 30/99 hp.
You hit the cane toad. You claw the cane toad. Your peck misses the cane toad.
The wolf closely misses you. The wolf barely misses you. The wolf bites you.
* * * LOW HITPOINT WARNING * * *
The wolf bites you but does no damage.
The cane toad stings you but does no damage. 😨 HP[+1]
You whack the cane toad!
You kill the cane toad!
Trog accepts your kill. The wolf misses you. The wolf bites you.
* * * LOW HITPOINT WARNING * * *
The wolf closely misses you. 😨 HP[-5]
You take 5 damage, and now have 26/99 hp.
You hit the wolf.
The wolf is poisoned.
You claw the wolf! Your peck misses the wolf.
You feel the effects of Trog's Hand fading.
The wolf bites you but does no damage. The wolf bites you.
* * * LOW HITPOINT WARNING * * *
The wolf closely misses you.
The wolf bites you but does no damage. 😱 HP[-4]
You take 4 damage, and now have 22/99 hp.
You hit the wolf.
You kill the wolf!
Trog accepts your kill. The wolf misses you.
The wolf bites you but does no damage. The wolf closely misses you.
The wolf bites you but does no damage. The wolf closely misses you.
The wolf bites you but does no damage. x2
Your Armour skill increases to level 15! 😱 HP[+2]
You regained 2 hp, and now have 24/99 hp.
You closely miss the wolf. Your kick misses the wolf.
The wolf bites you but does no damage. The wolf closely misses you.
The wolf bites you but does no damage. The wolf misses you. The wolf bites you!
* * * LOW HITPOINT WARNING * * *
😱 HP[-8]
You take 8 damage, and now have 16/99 hp.
You closely miss the wolf. Your kick misses the wolf.
The wolf bites you but does no damage. The wolf misses you.
The wolf closely misses you.
The wolf bites you but does no damage. 😱 HP[+2]
You regained 2 hp, and now have 18/99 hp.
You hit the wolf.
The wolf is poisoned.
Your kick misses the wolf.
The wolf barely misses you. x3; The wolf bites you but does no damage. 😱 HP[+1]
You hit the wolf.
The wolf looks as sick as possible!
Your peck misses the wolf. The wolf bites you but does no damage.
The wolf barely misses you. The wolf closely misses you. x2
The wolf barely misses you. x2 😱 HP[+2]
You regained 2 hp, and now have 21/99 hp.
You whack the wolf!
The wolf looks as sick as possible!
You claw the wolf.
You kill the wolf!
Trog accepts your kill. The wolf bites you.
* * * LOW HITPOINT WARNING * * *
The wolf bites you.
* * * LOW HITPOINT WARNING * * *
The wolf bites you but does no damage. The wolf barely misses you. 😱 HP[-6]
You take 6 damage, and now have 15/99 hp.
You hit the wolf.
The wolf is poisoned.
You claw the wolf.
Your skin stops crawling.
You feel less strong-willed.
The wolf bites you but does no damage. x3 😱 HP[+1]
You whack the wolf!
You kill the wolf!
Trog accepts your kill. The wolf bites you but does no damage.
The wolf barely misses you.
The wolf bites you but does no damage. 😱 HP[+1]
You whack the wolf!
The wolf looks as sick as possible!
Your peck misses the wolf.
You are no longer berserk.
You are exhausted.
You feel yourself slow down. The wolf bites you.
* * * LOW HITPOINT WARNING * * *
The wolf barely misses you. The wolf bites you.
* * * LOW HITPOINT WARNING * * *
😱 HP[-10]
You now have 66 max hp (-33).
Unknown command.
You feel yourself speed up. The wolf bites you but does no damage.
The wolf bites you.
* * * LOW HITPOINT WARNING * * *
The wolf bites you!
You die...

Skill      XL: |  1  2  3  4  5  6  7  8  9 10 11 |
---------------+----------------------------------+-----
Armour         | 3 4 5 6 7 9 11 15 | 15.2
Fighting       | 4 5 6 7 9 10 11 | 11.2
Dodging        | 3 4 5 7 8 |  8.6
Unarmed Combat | |  3.8

Action                   |  1- 3 |  4- 6 |  7- 9 | 10-12 || total
-------------------------+-------+-------+-------+-------++-------
Melee: Unarmed           |    52 |     3 |       |       ||    55
       Kick              |    11 |    15 |   139 |   179 ||   344
       Peck              |     4 |     9 |    86 |   103 ||   202
       Punch             |     1 |     3 |     7 |    16 ||    27
       Dagger            |       |    64 |   407 |    38 ||   509
       Whip              |       |       |       |   387 ||   387
Invok: Berserk           |     1 |     2 |     9 |     7 ||    19
       Trog's Hand       |       |       |     2 |     5 ||     7
       Brothers in Arms  |       |       |       |     3 ||     3
  Use: Scroll            |       |     8 |     8 |     4 ||    20
       Potion            |       |     3 |       |     1 ||     4
Armor: Animal skin       |     8 |       |       |       ||     8
       Plate armour      |     5 |    38 |   202 |   365 ||   610
Dodge: Dodged            |    44 |    18 |   179 |   422 ||   663

Levels and vault maps discovered:
D:1:      lightli_arrival_statuegarden, layout_basic, serial_shops,
          shop_fountains, nicolae_figureground_sparkle
D:2:      minmay_skewed_foursquare, layout_basic, serial_shops, shop,
          uniq_sigmund, uniq_terence
D:3:      layout_loops_ring, cheibrodos_sewer_entry_bend,
          hellmonk_ecumenical_altar_zigzags, kennysheep_small_spiral,
          uniq_natasha
D:4:      layout_basic, mainiacjoe_overflow_catwalk, led_xom_imps,
          minmay_temple_entry_proselytizer, minmay_rat_hole
D:5:      layout_basic, nicolae_vehumet_radiance, nicolae_wu_jian_glorious_leap,
          mainiacjoe_overflow_chevrons
D:6:      layout_gridville, cheibriados_altar_1, dancing_weapons_uskayaw
D:7:      layout_gridville, okawaru_humans, mainiacjoe_overflow_alcove_2,
          lemuel_round_altar, old_standard_altar, minmay_fountain_box,
          lemuel_flame_loot_1
D:8:      layout_loops_ring, mainiacjoe_overflow_alcove_4,
          due_lair_maze_entry_diamond, enter_bailey_2
Lair:1:   lemuel_ratsnest, layout_long_grid, grunt_megastairs_4

Notes
Turn   | Place    | Note
-------+----------+-------------------------------------------
     0 | D:1      | spaghetti the Tengu Berserker began the quest for the Orb.
     0 | D:1      | Reached XP level 1. HP: 14/14 MP: 2/2
     0 | D:1      | magus.rc [v1.9.6]
   216 | D:1      | Reached XP level 2. HP: 17/19 MP: 3/3
   479 | D:1      | Reached XP level 3. HP: 23/23 MP: 4/4
   508 | D:1      | Reached ** piety under Trog
   742 | D:1      | Found Jecat's Antique Armour Shop.
  1008 | D:2      | Noticed Terence
  1016 | D:2      | Killed Terence
  1017 | D:2      | Reached skill level 3 in Armour
  1020 | D:2      | Reached XP level 4. HP: 27/28 MP: 5/5
  1137 | D:2      | Found Ycki's Armour Emporium.
  1401 | D:2      | Noticed Sigmund
  1409 | D:2      | Killed Sigmund
  1410 | D:2      | Reached skill level 4 in Fighting
  1410 | D:2      | Reached skill level 4 in Armour
  1410 | D:2      | Reached skill level 3 in Dodging
  1410 | D:2      | Gained mutation: Your magical nature lets you fly swiftly
                  | and evasively. [Tengu growth]
  1410 | D:2      | Reached XP level 5. HP: 34/34 MP: 6/6
  1410 | D:2      | Reached XP level 6. HP: 39/39 MP: 7/7
  1417 | D:2      | Gained mutation: You occasionally shout uncontrollably at
                  | your foes. [potion of mutation]
  1417 | D:2      | Gained mutation: You are frail. (-10% HP) [potion of
                  | mutation]
  1417 | D:2      | Gained mutation: You possess an exceptional clarity of
                  | mind. [potion of mutation]
  1971 | D:3      | Found a faded altar of an unknown god.
  1987 | D:3      | Noticed Natasha
  1994 | D:3      | Killed Natasha
  2015 | D:3      | Noticed Natasha
  2025 | D:3      | Killed Natasha
  2110 | D:3      | Noticed Natasha
  2122 | D:3      | Killed Natasha
  2272 | D:3      | Found a glowing drain.
  2287 | Sewer    | Entered a sewer
  2351 | Sewer    | Noticed a water moccasin
  2364 | Sewer    | Killed a water moccasin
  2365 | Sewer    | Reached skill level 5 in Fighting
  2365 | Sewer    | Reached skill level 5 in Armour
  2365 | Sewer    | Reached skill level 4 in Dodging
  2365 | Sewer    | Reached XP level 7. HP: 39/39 MP: 8/8
  2820 | D:4      | Found a shimmering altar of Xom.
  2876 | D:4      | Found a white marble altar of Elyvilon.
  3271 | D:4      | Reached skill level 6 in Fighting
  3328 | D:4      | Reached *** piety under Trog
  3329 | D:4      | Reached skill level 6 in Armour
  3329 | D:4      | Reached XP level 8. HP: 45/45 MP: 9/9
  3396 | D:4      | Found a staircase to the Ecumenical Temple.
  3474 | D:1      | Bought a blackened hat for 252 gold pieces
  3474 | D:1      | Identified the +0 hat "Balab" {Stlth+} (You bought it in a
                  | shop on level 1 of the Dungeon)
  3800 | D:5      | Entered Level 5 of the Dungeon
  3811 | D:5      | Found a shadowy altar of Dithmenos.
  3837 | D:5      | Reached skill level 5 in Dodging
  4086 | D:5      | Reached skill level 7 in Armour
  4124 | D:5      | Found an ornate altar of the Wu Jian Council.
  4142 | D:5      | Reached skill level 7 in Fighting
  4196 | D:5      | Found a radiant altar of Vehumet.
  4260 | D:5      | Reached XP level 9. HP: 42/51 MP: 10/10
  4497 | D:5      | Reached skill level 8 in Armour
  4513 | D:5      | Reached skill level 6 in Dodging
  4520 | D:5      | You add the spells Ozocubu's Armour and Ozocubu's
                  | Refrigeration to your library.
  4628 | D:5      | You pick up a book of Conjurations {forbidden@e2} and begin
                  | reading...
  4628 | D:5      | You add the spells Magic Dart, Searing Ray and Fulminant
                  | Prism to your library.
  4655 | D:6      | Reached skill level 8 in Fighting
  4839 | D:6      | Noticed a +4 hand axe
  4839 | D:6      | Noticed a +0 hand axe
  4840 | D:6      | Found a hide-covered altar of Uskayaw.
  5199 | D:6      | Reached skill level 9 in Armour
  5382 | D:2      | Bought a +1 cloak of poison resistance for 162 gold pieces
  5603 | D:6      | Found a snail-covered altar of Cheibriados.
  5824 | D:7      | Found an iron altar of Okawaru.
  5840 | D:7      | Reached skill level 9 in Fighting
  5844 | D:7      | HP: 12/54 [human/+0 long sword (4)]
  5846 | D:7      | Reached skill level 7 in Dodging
  5984 | D:7      | Reached XP level 10. HP: 59/59 MP: 11/11
  6045 | D:7      | Found a glowing golden altar of the Shining One.
  6318 | D:7      | Found a burning altar of Makhleb.
  6505 | D:7      | Found a sparkling altar of Nemelex Xobeh.
  6913 | D:8      | Reached skill level 10 in Armour
  6940 | D:8      | Found a staircase to the Lair.
  6951 | D:8      | HP: 16/88 [orc priest/divine providence (11)]
  6956 | D:8      | Reached **** piety under Trog
  7093 | D:8      | Reached skill level 10 in Fighting
  7141 | D:8      | Reached skill level 8 in Dodging
  7150 | D:8      | Reached skill level 11 in Armour
  7259 | D:8      | You pick up a book of Blood {forbidden} and begin
                  | reading...
  7259 | D:8      | You add the spells Sublimation of Blood, Wereblood and
                  | Summon Hydra to your library.
  7330 | D:8      | Found a shimmering blue altar of Sif Muna.
  7387 | D:8      | Found a flagged portal.
  7394 | Bailey   | Entered a bailey
  7582 | Bailey   | Reached XP level 11. HP: 51/65 MP: 12/12
  7641 | Bailey   | Reached skill level 11 in Fighting
  8156 | D:8      | Reached skill level 12 in Armour
  8231 | Lair:1   | Entered Level 1 of the Lair of Beasts
  8287 | Lair:1   | Reached skill level 13 in Armour
  8350 | Lair:1   | Noticed a six-headed hydra
  8354 | Lair:1   | HP: 12/66 [six-headed hydra (11)]
  8354 | Lair:1   | HP: 1/66 [six-headed hydra (11)]
  8368 | Lair:1   | Killed a six-headed hydra
  8383 | Lair:1   | Reached skill level 14 in Armour
  8458 | Lair:1   | You pick up a book of Party Tricks {forbidden} and begin
                  | reading...
  8458 | Lair:1   | You add the spells Apportation and Alistair's Intoxication
                  | to your library.
  8648 | Lair:1   | HP: 22/99 [wolf (5)]
  8650 | Lair:1   | Reached skill level 15 in Armour
  8654 | Lair:1   | HP: 21/99 [wolf (1)]
  8657 | Lair:1   | HP: 8/66 [wolf (4)]
  8658 | Lair:1   | Slain by a wolf

Vanquished Creatures
  2 black mambas (Lair:1)
  A cane toad (Lair:1)
  2 komodo dragons
  3 blink frogs (Lair:1)
  Sigmund (D:2)
  A shadow (D:6)
  8 yaks (D:8)
  2 humans (D:7)
  7 water moccasins
  10 orc warriors
  4 black bears
  2 sky beasts
  2 ice beasts (D:6)
  3 ogres
  9 centaurs
  3 phantoms (D:5)
  3 wolves (Lair:1)
  2 kobold brigands (D:8)
  3 bullfrogs
  A necrophage (D:4)
  3 scorpions
  A gnoll sergeant (D:5)
  4 wights (D:5)
  3 howler monkeys
  4 crimson imps (D:4)
  A jelly (D:6)
  5 orc priests
  2 gnoll boudas (D:6)
  4 hounds
  5 iguanas
  Terence (D:2)
  Natasha (thrice) (D:3)
  5 orc wizards
  20 gnolls
  6 adders
  2 shadow imps
  A white imp (D:6)
  2 worms (D:3)
  43 orcs
  8 ball pythons
  4 endoplasms
  7 giant cockroaches
  7 goblins
  4 hobgoblins
  A jackal (Sewer)
  10 kobolds
  4 quokkas
  4 bats
  5 frilled lizards
  23 rats
261 creatures vanquished.

Vanquished Creatures (collateral kills)
  A hydra (Lair:1)
  4 orc warriors (Bailey)
  4 orcs (Bailey)
9 creatures vanquished.

Vanquished Creatures (others)
  A centaur (Bailey)
  42 fungi (D:8)
  35 plants (D:8)
78 creatures vanquished.

Grand Total: 348 creatures vanquished

Table legend:
 A = Non-vault XP
 B = Vault XP
 C = Vault XP percentage of total XP
 D = Non-vault monster count
 E = Vault monster count
 F = Vault count percentage of total count
                 A         B        C        D         E       F
            +---------+---------+-------+---------+---------+-------
      Total |    9144 |    6276 |  40.7 |     179 |      92 |  33.9
            +---------+---------+-------+---------+---------+-------
        D:1 |      43 |       0 |   0.0 |      28 |       0 |   0.0
        D:2 |      34 |     274 |  89.0 |       6 |       5 |  45.5
        D:3 |     122 |      46 |  27.4 |      16 |       3 |  15.8
        D:4 |     347 |     259 |  42.7 |      10 |      24 |  70.6
        D:5 |    1474 |       0 |   0.0 |      23 |       0 |   0.0
        D:6 |    1300 |       0 |   0.0 |      30 |       0 |   0.0
        D:7 |     611 |     374 |  38.0 |      20 |       2 |   9.1
        D:8 |    2241 |    1494 |  40.0 |      37 |       9 |  19.6
     Lair:1 |    2972 |    1050 |  26.1 |       9 |       5 |  35.7
      Sewer |       0 |     153 | 100.0 |       0 |       2 | 100.0
     Bailey |       0 |    2626 | 100.0 |       0 |      42 | 100.0
            +---------+---------+-------+---------+---------+-------

Illustrated notes

Table legend:
 A = Kills in this place as a percentage of kills in entire the game.
 B = Kills by you in this place as a percentage of kills by you in the entire game.
 C = Kills by friends in this place as a percentage of kills by friends in the entire game.
 D = Other kills in this place as a percentage of other kills in the entire game.
 E = Experience gained in this place as a percentage of experience gained in the entire game.
 F = Experience gained in this place divided by the number of levels of this place that you have seen.
                   A       B       C       D       E      F
               +-------+-------+-------+-------+-------+----------------------
         Total | 100.0 | 100.0 | 100.0 | 100.0 | 100.0 | 1401.8
       Dungeon |  78.6 |  81.6 |   0.0 |   0.0 |  55.9 | 1077.4
          Lair |   5.2 |   5.0 |  11.1 |   0.0 |  26.1 | 4022.0
         Sewer |   0.7 |   0.8 |   0.0 |   0.0 |   1.0 | 153.0
        Bailey |  15.5 |  12.6 |  88.9 | 100.0 |  17.0 | 2626.0
               +-------+-------+-------+-------+-------+----------------------

Table legend: (Time is in decaauts)
 A = Elapsed time spent in this place.
 B = Non-inter-level travel time spent in this place.
 C = Inter-level travel time spent in this place.
 D = Time resting spent in this place.
 E = Time spent auto-exploring this place.
 F = Levels seen in this place.
 G = Mean time per level.
                   A        B        C        D        E       F      G
               +--------+--------+--------+--------+--------+-----+--------+
         Total |   8283 |   7746 |    537 |     73 |   5796 |  11 |  753.0 |
       Dungeon |   7243 |   6706 |    537 |     55 |   5257 |   8 |  905.4 |
          Lair |    420 |    420 |      0 |      6 |    271 |   1 |  420.0 |
         Sewer |    130 |    130 |      0 |      2 |     76 |   1 |  130.0 |
        Bailey |    488 |    488 |      0 |      9 |    190 |   1 |  488.0 |
               +--------+--------+--------+--------+--------+-----+--------+

Top non-repeatable levels by time:
     D:1: 1023 daAuts
     D:6: 975 daAuts
     D:7: 952 daAuts
     D:4: 903 daAuts
     D:3: 893 daAuts
     D:8: 869 daAuts
     D:5: 850 daAuts
     D:2: 775 daAuts
  Bailey: 488 daAuts
  Lair:1: 420 daAuts
   Sewer: 130 daAuts
